 Dungeon Crawl Stone Soup version 0.27-b1-16-g6517624069 (webtiles) character file.

Game seed: 1316970253028226403

50 vvl the Insei (level 3, -4/26 HPs)
             Began as a Demonspawn Transmuter on July 27, 2021.
             Slain by Sigmund (6 damage)
             ... on level 4 of the Dungeon.
             The game lasted 00:07:32 (2631 turns).

vvl the Insei (Demonspawn Transmuter)               Turns: 2631, Time: 00:07:32

Health: -4/26      AC:  7    Str: 17    XL:     3   Next: 55%
Magic:  6/6        EV: 12    Int: 14    God:
Gold:   110        SH:  3    Dex: 13    Spells: 5/6 levels left

rFire    . . .     SeeInvis .   c - +0 short sword
rCold    . . .     Faith    .   m - +0 buckler
rNeg     . . .     Spirit   .   e - +0 ring mail
rPois    .         Reflect  .   k - +2 hat
rElec    .         Harm     .   (no cloak)
rCorr    .         Rampage  .   (no gloves)
Will     .....                  (no boots)
Stlth    +.........             (no amulet)
HPRegen  0.08/turn              g - +6 ring of strength
MPRegen  0.10/turn              (no ring)

@: attractive, flying
A: claws 1, repulsion field 1
a: no special abilities


You were on level 4 of the Dungeon.
You visited 1 branch of the dungeon, and saw 4 of its levels.

You collected 110 gold pieces.

Inventory:

Hand Weapons
 c - a +0 short sword (weapon)
Armour
 e - a +0 ring mail (worn)
 k - a +2 hat (worn)
 m - a +0 buckler (worn)
Jewellery
 d - a ring of ice
 g - a +6 ring of strength (left claw)
Wands
 n - a wand of mindburst (10)
 o - a wand of flame (21)
Scrolls
 a - 2 scrolls of enchant weapon {unknown}
 i - a scroll of identify {unknown}
 l - a scroll of brand weapon {unknown}
Potions
 b - a potion of flight


   Skills:
 + Level 1.4 Fighting
 + Level 0.1 Armour
 - Level 2.0 Dodging
 + Level 0.1 Shields
 + Level 2.9 Unarmed Combat
 + Level 2.2 Spellcasting
 * Level 1.3 Necromancy
 + Level 2.1 Transmutations
 + Level 0.4 Ice Magic
 + Level 0.6 Earth Magic


You had 5 spell levels left.
You knew the following spells:

 Your Spells              Type           Power      Damage    Failure   Level
a - Beastly Appendage     Tmut           14%        N/A       30%         1

Your spell library contained the following spells:

 Spells                   Type           Power      Damage    Failure   Level
 Wereblood                Tmut           7%         N/A       43%         2
 Slow                     Hex            1%         N/A       73%         2
 Vampiric Draining        Necr           2%         2d6       77%         3
 Spider Form              Tmut/Pois      2%         N/A       80%         3
 Confusing Touch          Hex            1%         N/A       91%         3
 Ice Form                 Ice/Tmut       5%         N/A       99%         4


Dungeon Overview and Level Annotations

Branches:
Dungeon (4/15)
 Temple: D:4-7

Altars:

Annotations:
D:3 Sigmund


Innate Abilities, Weirdness & Mutations

You have sharp fingernails.
You are surrounded by a mild repulsion field. (EV +2)


Message History

It was a potion of attraction.
You feel attractive to monsters.
Sigmund hits you with a +4 scythe of protection!
* * * LOW HITPOINT WARNING * * *
The goblin barely misses you. Sigmund misses you.
The goblin completely misses you.
Sigmund gestures wildly while chanting.
Sigmund flickers and vanishes!
Deactivating autopickup; reactivate with Ctrl-A.
You block the goblin's attack.
Your horns disappear.
Your talons disappear.
Your +2 hat unmelds from your body.
You block the worm's attack. The worm is pulled toward you!
Something is pulled toward you! The goblin is pulled toward you!
The worm is pulled toward you! The goblin is pulled toward you!
Something is pulled toward you! The goblin is pulled toward you!
Something is pulled toward you! The goblin is pulled toward you!
Something is pulled toward you! The worm is pulled toward you!
The goblin is pulled toward you! Something is pulled toward you!
Found a stone staircase leading down.
The goblin is pulled toward you! Something is pulled toward you!
The worm is pulled toward you! The goblin is pulled toward you!
Something is pulled toward you! Something is pulled toward you!
The worm is pulled toward you! Something is pulled toward you!
The goblin is pulled toward you! The goblin is pulled toward you!
Something is pulled toward you!
There is a stone staircase leading down here.
Something hits you.
* * * LOW HITPOINT WARNING * * *
The worm is pulled toward you!
You fly downwards.
Reactivating autopickup.
A hound skeleton comes into view.
The hound skeleton is pulled toward you!
There is a stone staircase leading up here.
Something hits you.
You die...

...# ...
. ... ..
#.# ...
##.## ..
##...#.#
#.Z....#
#.<@...#
#{.....#
##...#.#
##.## ..
#.# #.#
#.# #
#.# ...


You could see a hound skeleton.

Vanquished Creatures
  A worm (D:2)
  A dart slug (D:2)
  3 ball pythons
  8 bats
  3 endoplasms (D:1)
  4 giant cockroaches
  3 hobgoblins
  4 quokkas
  3 frilled lizards
  A goblin (D:1)
  5 kobolds
  3 rats (D:1)
39 creatures vanquished.

Notes
Turn   | Place    | Note
-------+----------+-------------------------------------------
     0 | D:1      | vvl the Demonspawn Transmuter began the quest for the Orb.
     0 | D:1      | Reached XP level 1. HP: 15/15 MP: 3/3
   367 | D:1      | Gained mutation: You have sharp fingernails. [demonic
                  | ancestry]
   367 | D:1      | Reached XP level 2. HP: 21/21 MP: 3/5
   637 | D:1      | Reached skill level 1 in Necromancy
   686 | D:1      | Found a faded altar of an unknown god.
  1658 | D:2      | Gained mutation: You are surrounded by a mild repulsion
                  | field. (EV +2) [demonic ancestry]
  1658 | D:2      | Reached XP level 3. HP: 17/26 MP: 4/6
  2596 | D:3      | Noticed Sigmund
  2631 | D:4      | Slain by Sigmund

Illustrated notes

Levels and vault maps discovered:
D:1:      grunt_arrival_lava_bath, layout_loops_ring,
          ebering_ecumenical_altar_rust
D:2:      layout_loops_corners
D:3:      layout_basic, serial_co_window_serial, co_window_paths_b,
          co_window_of_opportunity_a, co_window_corner_a, co_window_paths_b,
          co_window_paths_a, co_window_2corner, co_window_of_opportunity_c,
          co_window_corner_ca, co_window_4corner_b, glass_columns_a,
          glass_columns_a, glass_columns_b, glass_columns_b, glass_columns_a,
          st_stairs_6, uniq_sigmund, uniq_natasha
D:4:      layout_loops_ring, serial_park_tiny_2, minmay_joined_circles

Skill      XL: |  1  2  3 |
---------------+----------+-----
Necromancy     | 1 |  1.3
Transmutations | 2 |  2.1
Dodging        | 2 |  2.0
Fighting       | |  1.4
Armour         | |  0.1
Shields        | |  0.1
Unarmed Combat | |  2.9
Spellcasting   | |  2.2
Ice Magic      | |  0.4
Earth Magic    | |  0.6

Action                   || total
-------------------------++-------
Melee: Unarmed           ||    43
       Kick              ||    18
       Headbutt          ||     9
       Short sword       ||    76
       Punch             ||     1
 Cast: Beastly Appendage ||    31
  Use: Potion            ||     4
 Stab: Sleeping          ||     1
Armor: Robe              ||    10
       Ring mail         ||    15
Dodge: Dodged            ||    86
Block: Buckler           ||     9
